 Dungeon Crawl Stone Soup version 0.31-a0-128-g25add195a6 (webtiles) character file.

Game seed: 1457793915124248093

55 Dittersdorf the Shield-Bearer (level 3, 0/24 HPs)
             Began as a Gargoyle Fighter on June 1, 2023.
             Slain by Natasha (5 damage)
             ... on level 1 of the Dungeon.
             The game lasted 00:00:56 (880 turns).

Dittersdorf the Shield-Bearer (Gargoyle Fighter)     Turns: 880, Time: 00:00:57

Health: 0/24       AC: 10    Str: 21    XL:     3   Next: 93%
Magic:  3/3        EV:  9    Int: 14    God:
Gold:   97         SH:  4    Dex:  9    Spells: 2/2 levels left

rFire   . . .        a - +0 flail
rCold   . . .        c - +0 buckler
rNeg    + . .        b - +0 scale mail
rPois   ∞            (no helmet)
rElec   +            (no cloak)
rCorr   .            (no gloves)
SInv    .            (no boots)
Will    .....        (no amulet) Stlth
                     h - +6 ring of intelligence
HPRegen 0.24/turn    (no ring)
MPRegen 0.08/turn

%: no passive effects
@: no status effects
A: sickness immunity, AC +3, negative energy resistance 1, electricity
resistance, torment resistance 1, petrification resistance
a: no special abilities


You were on level 1 of the Dungeon.
You visited 1 branch of the dungeon, and saw 2 of its levels.

You collected 97 gold pieces.

Inventory:

Hand Weapons
 a - a +0 flail (weapon)
Armour
 b - a +0 scale mail (worn)
 c - a +0 buckler (worn)
Jewellery
 h - a +6 ring of intelligence (left hand)
Scrolls
 e - a scroll of identify {unknown}
 f - 2 scrolls of amnesia {unknown}
 i - a scroll of immolation {unknown}
Potions
 d - a potion of might
 g - a potion of curing {unknown}
 j - a potion of haste {unknown}


   Skills:
 + Level 3.8 Fighting
 + Level 2.6 Maces & Flails
 + Level 3.8 Armour
 + Level 3.8 Shields


You had 2 spell levels left.
You didn't know any spells.
Your spell library was empty.

Dungeon Overview and Level Annotations

Branches:
Dungeon (2/15)

Altars:

Annotations:
D:1 Natasha
D:2 Robin


Innate Abilities, Weirdness & Mutations

You are immune to sickness and miasma.
Your stone body is resilient. (AC +3)
You are immune to poison.
You resist negative energy. (rN+)
You are resistant to electric shocks. (rElec)
You are resistant to unholy torment.
You are immune to petrification.


Message History

You stop ascending the stairs.
The ball python constricts you.
A goblin comes into view. It is wielding a +0 dagger.
A hobgoblin comes into view.
The goblin shouts!
You sock the ball python!
You kill the ball python!
You sock Natasha!
Natasha is heavily wounded.
Natasha claws you but does no damage. The goblin hits you but does no damage.
You block Natasha's attack.
You completely miss Natasha.
Natasha is heavily wounded.
The hobgoblin barely misses you.
A goblin comes into view. It is wielding a +0 club.
Natasha barely misses you.
The goblin shouts!
You hit Natasha but do no damage.
Natasha is heavily wounded.
The goblin hits you with a +0 dagger.
Robin roars a battlecry!
The goblins go into a battle-frenzy!
The hobgoblin hits you but does no damage.
You block the goblin's attack. Natasha claws you.
The goblin hits you with a +0 club. The goblin barely misses you.
The hobgoblin closely misses you. Natasha claws you but does no damage.
The hobgoblin hits you. The goblin barely misses you.
You block the goblin's attack.
You climb upwards.
There is a stone staircase leading down here.
You closely miss Natasha.
Natasha is heavily wounded.
Natasha claws you but does no damage. The hobgoblin hits you.
The goblin hits you but does no damage. The goblin closely misses you.
Natasha attacks as you move away! You block Natasha's attack.
The goblin attacks as you move away! You block the goblin's attack.
The hobgoblin hits you but does no damage.
The goblin hits you with a +0 dagger.
* * * LOW HITPOINT WARNING * * *
Natasha claws you.
You die...

#.# #.# #. #.# #.# #. #.# #.# #.
#.#####.# #. ########.......# #.
.......##.#.#### ###.
######.##.#.##################...
#.##......hg..........##.###
#.####...gg@......###.#.## #
####.####.######.###.......#
#.(.......# #.# #####.#.## #
#.##.###### #.# #)....### #.##.#
#.# #..###... #.##.# #.# #..#
#### #.##.# #.# #..#
###.##.###########.######..#
.†.....#...................#


You could see Natasha, a hobgoblin (strong) and 2 goblins.

Vanquished Creatures
  A gnoll (D:1)
  3 dart slugs (D:1)
  6 ball pythons
  2 endoplasms (D:1)
  2 giant cockroaches (D:1)
  6 hobgoblins (D:1)
  4 jackals (D:1)
  A quokka (D:1)
  3 bats (D:1)
  2 kobolds (D:1)
  5 rats (D:1)
35 creatures vanquished.

Notes
Turn   | Place    | Note
-------+----------+-------------------------------------------
     0 | D:1      | Dittersdorf the Gargoyle Fighter began the quest for the
                  | Orb.
     0 | D:1      | Reached XP level 1. HP: 14/14 MP: 1/1
   140 | D:1      | Reached XP level 2. HP: 19/19 MP: 2/2
   161 | D:1      | Found a faded altar of an unknown god.
   273 | D:1      | Reached XP level 3. HP: 18/23 MP: 3/3
   871 | D:2      | Noticed Natasha
   871 | D:2      | Noticed Robin
   880 | D:1      | Slain by Natasha

Illustrated notes

Levels and vault maps discovered:
D:1:      wander_arrival_peaceful_grave, layout_loops_ring,
          hellmonk_ecumenical_altar_pennies_from_heaven
D:2:      layout_rooms, serial_shops, shop, kennysheep_generic_room_8,
          uniq_natasha, uniq_robin

Action                     || total
---------------------------++-------
  Melee: Flail             ||    92
 Armour: Scale mail        ||    53
  Dodge: Dodged            ||    45
  Block: Buckler           ||    19

Table legend: (Time is in decaauts)
 A = Elapsed time spent in this place.
 B = Non-inter-level travel time spent in this place.
 C = Inter-level travel time spent in this place.
 D = Time resting spent in this place.
 E = Time spent auto-exploring this place.
 F = Levels seen in this place.
 G = Mean time per level.
                   A        B        C        D        E       F      G
               +--------+--------+--------+--------+--------+-----+--------+
         Total |    909 |    894 |     15 |      0 |    692 |   2 |  454.5 |
       Dungeon |    909 |    894 |     15 |      0 |    692 |   2 |  454.5 |
               +--------+--------+--------+--------+--------+-----+--------+

Top non-repeatable levels by time:
     D:1: 901 daAuts
     D:2: 7 daAuts
